 Dungeon Crawl Stone Soup version 0.23.2-1-ga50397a6bc (webtiles) character file.

Game seed: 16128054946907162381

693 Peloso the Slasher (level 7, -2/61 HPs)
             Began as a Minotaur Fighter on May 19, 2019.
             Slain by Pikel
             ... wielding a +1 whip of electrocution
              (12 damage)
             ... on level 5 of the Dungeon.
             The game lasted 00:09:57 (5068 turns).

Peloso the Slasher (Minotaur Fighter)               Turns: 5068, Time: 00:10:04

Health: -2/61      AC: 10    Str: 21    XL:     7   Next: 37%
Magic:  6/6        EV:  6    Int:  5    God:
Gold:   312        SH: 10    Dex: 11    Spells: 6/6 levels left

rFire    . . .     SeeInvis .   a - +0 long sword
rCold    . . .     Gourm    .   c - +0 shield
rNeg     . . .     Faith    .   u - +0 chain mail
rPois    .         Spirit   .   (helmet restricted)
rElec    .         Reflect  .   (no cloak)
rCorr    .         Harm     .   (no gloves)
MR       .....                  (no boots)
Stlth    ..........             (no amulet)
HPRegen  0.20/turn              (no ring)
MPRegen  0.10/turn              (no ring)

@: no status effects
A: retaliatory headbutt, horns 2
a: no special abilities


You were on level 5 of the Dungeon.
You were not hungry.

You visited 1 branch of the dungeon, and saw 6 of its levels.

You collected 312 gold pieces.

Inventory:

Hand Weapons
 a - a +0 long sword (weapon)
Armour
 b - a +0 scale mail
 c - a +0 shield (worn)
 u - a +0 chain mail (worn)
Wands
 s - a wand of random effects (13)
 w - a wand of iceblast (10)
Scrolls
 e - 5 scrolls of teleportation {unknown}
 h - 2 scrolls of fog {unknown}
 j - 2 scrolls of magic mapping {unknown}
 l - 3 scrolls of amnesia {unknown}
 m - 6 scrolls of identify {unknown}
 n - a scroll of remove curse {unknown}
 p - 3 scrolls of enchant weapon {unknown}
 t - 3 scrolls of blinking {unknown}
 x - a scroll of immolation {unknown}
Potions
 d - 2 potions of might
 g - a potion of brilliance {unknown}
 i - 3 potions of heal wounds {unknown}
 k - a potion of berserk rage {unknown}
 o - a potion of mutation {unknown}
 q - a potion of cancellation {unknown}
 r - 3 potions of curing {unknown}
 v - a potion of resistance {unknown}
 z - a potion of agility {unknown}
Comestibles
 f - 7 rations


   Skills:
 + Level 5.0 Fighting
 + Level 6.4 Long Blades
 + Level 5.7 Armour
 + Level 2.0 Dodging
 + Level 0.5 Stealth
 + Level 5.5 Shields


You had 6 spell levels left.
You didn't know any spells.
Your spell library contained the following spells:

 Spells                   Type           Power        Failure   Level  Hunger
 Ice Form                 Ice/Tmut       #.......     100%        4    #####..
 Metabolic Englaciation   Hex/Ice        #.........   100%        5    ######.
 Bolt of Cold             Conj/Ice       #.........   100%        6    #######
 Freezing Cloud           Conj/Ice/Air   #.........   100%        6    #######
 Ozocubu's Refrigeration  Ice            #.........   100%        6    #######
 Simulacrum               Ice/Necr       #.........   100%        6    #######


Dungeon Overview and Level Annotations

Branches:
Dungeon (6/15)
 Temple: D:4-7

Altars:
Ashenzari
Cheibriados
Elyvilon
Fedhas
Kikubaaqudgha
Xom

Annotations:
D:5 Pikel


Innate Abilities, Weirdness & Mutations

You reflexively headbutt those who attack you in melee.
You have a pair of horns on your head.


Message History

Pikel is moderately wounded.
You block Pikel's attack.
You slash Pikel! Your headbutt misses Pikel.
Pikel is heavily wounded.
Pikel zaps a wand.
The puff of flame hits you!
* * * LOW HITPOINT WARNING * * *
You slash Pikel!
Pikel is severely wounded.
You block Pikel's attack.
Unknown command.
You miss Pikel.
Pikel is severely wounded.
You block Pikel's attack.
Your shield and chain mail prevent you from hitting Pikel.
You headbutt Pikel, but do no damage.
Pikel is severely wounded.
Pikel hits you with a +1 whip of electrocution.
* * * LOW HITPOINT WARNING * * *
You are electrocuted!
You die...

##(# ##.##
#............... ##..##
#.# ##...............
.....##
#.###................
####..##
#.).................. #
##..##
###..#...............
##..##
##.##..............
##..##
#p###.............
##..## #K#
##............ ##..##
#@# #............
###.####.##
##.....>..... #...#...#
##.......... ##....<##
##'#######.
##....#♣♣♣♣♣♣.♣♣♣♣♣♣#.
#.....#♣...........♣#.
##.....#♣...........♣#.
#......#♣..♣♣♣♣♣♣♣..♣#.
#......#♣..♣ ♣..♣#.


You could see Pikel and a slave.

Vanquished Creatures
  A crimson imp (D:5)
  A hound (D:4)
  3 orc priests
  2 orc wizards
  6 iguanas
  Ijyb (D:5)
  2 worker ants
  A hound skeleton (D:5)
  A worker ant zombie (D:5)
  9 adders
  A shadow imp (D:5)
  2 oozes
  An adder skeleton (D:5)
  4 worms
  6 dart slugs
  4 leopard geckos
  7 orcs
  4 giant cockroaches
  11 hobgoblins
  4 jackals (D:3)
  6 quokkas
  2 ball pythons
  9 bats
  8 frilled lizards
  9 goblins
  A jackal skeleton (D:5)
  10 kobolds
  7 rats
123 creatures vanquished.

Notes
Turn   | Place    | Note
-------+----------+-------------------------------------------
     0 | D:1      | Peloso the Minotaur Fighter began the quest for the Orb.
     0 | D:1      | Reached XP level 1. HP: 19/19 MP: 0/0
   278 | D:1      | Reached XP level 2. HP: 20/27 MP: 1/1
   680 | D:1      | Reached XP level 3. HP: 33/33 MP: 2/2
  1063 | D:2      | Reached skill level 3 in Long Blades
  1439 | D:2      | Reached XP level 4. HP: 41/41 MP: 3/3
  2170 | D:3      | Reached skill level 4 in Long Blades
  2182 | D:3      | Reached skill level 1 in Dodging
  2182 | D:3      | Reached XP level 5. HP: 17/47 MP: 4/4
  2909 | D:3      | Found a snail-covered altar of Cheibriados.
  3142 | D:3      | Reached skill level 5 in Long Blades
  3250 | D:4      | Found a blossoming altar of Fedhas.
  3325 | D:4      | Reached XP level 6. HP: 48/53 MP: 5/5
  3327 | D:4      | Found a shattered altar of Ashenzari.
  3377 | D:4      | Reached skill level 5 in Shields
  3627 | D:4      | Found an ancient bone altar of Kikubaaqudgha.
  3646 | D:4      | Reached skill level 5 in Armour
  3853 | D:4      | Found a shimmering altar of Xom.
  4014 | D:5      | Entered Level 5 of the Dungeon
  4046 | D:5      | Found a white marble altar of Elyvilon.
  4224 | D:5      | Reached XP level 7. HP: 60/60 MP: 6/6
  4280 | D:5      | Reached skill level 6 in Long Blades
  4293 | D:5      | Noticed Ijyb
  4315 | D:5      | Killed Ijyb
  4710 | D:5      | Reached skill level 5 in Fighting
  5035 | D:6      | Noticed Pikel
  5068 | D:5      | Slain by Pikel

Skill      XL: |  1  2  3  4  5  6  7 |
---------------+----------------------+-----
Fighting       | 4 5 |  5.0
Armour         | 4 5 |  5.7
Shields        | 4 5 |  5.5
Long Blades    | 3 4 5 6 |  6.4
Dodging        | 1 2 |  2.0
Stealth        | |  0.5

Action                   |  1- 3 |  4- 6 |  7- 9 || total
-------------------------+-------+-------+-------++-------
Melee: Long sword        |   108 |   192 |    71 ||   371
       Headbutt          |    10 |    42 |    14 ||    66
  Eat: Chunk             |     1 |    10 |       ||    11
       Ration            |       |       |     1 ||     1
Armor: Scale mail        |    66 |    78 |       ||   144
       Chain mail        |       |     4 |    29 ||    33
Dodge: Dodged            |    33 |    61 |    13 ||   107
Block: Shield            |    57 |   105 |    37 ||   199
       Rpst.: Long sword |    12 |    18 |     1 ||    31
